AoeStats
← Tiafa Teifl

Black Forest

510823356Analyzed
4v4 RM · 19h ago on Oct 2, 2026· 72m 23s· 8 players
Game mode
Random Map
Map size
Large (8 player)
Population
200
Speed
Normal
Resources
Standard
Victory
Conquest
Starting age
Dark Age
Ending age
Imperial Age
RankedLock teamsTeams togetherTeam positionsShared explorationLock speedFull tech treeHidden civsTurbo modeCheats
Victory
Defeat
🇮🇩 Sicilians · Indonesia
919
+12
🇩🇪 Burgundians · Germany
862
+14
🇮🇩 Franks · Indonesia
813
+16
🇦🇹 Britons · Austria
796
+17
🇦🇷 Saxons · Argentina
875
-16
🇦🇷 Japanese · Argentina
853
-16
🇺🇾 Chinese · Uruguay
793
-14
🇨🇳 Wu · China
765
-23
marcopolo
0:38 Loom
12:00 Feudal Age
17:07 Castle Age
16:22 Double-Bit Axe
19:29 Wheelbarrow
23:14 Gold Mining
23:14 Stone Mining
23:26 Stone Mining
23:37 Stone Mining
25:16 Forging
25:11 Scale Barding Armor
28:27 Iron Casting
27:57 Scale Barding Armor
28:03 Caravan
32:07 Imperial Age
30:18 Husbandry
31:57 Hand Cart
31:50 Town Watch
32:16 Cavalier
36:45 Blast Furnace
36:05 Chain Barding Armor
36:24 Paladin
39:03 Plate Barding Armor
43:25 Fletching
48:14 Light Cavalry
52:20 Bodkin Arrow
52:27 Padded Archer Armor
64:18 Capped Ram
64:30 Capped Ram
Tiafa Teifl
0:28 Loom
10:39 Feudal Age
11:12 Double-Bit Axe
12:31 Gold Mining
13:19 Wheelbarrow
14:45 Horse Collar
15:25 Forging
15:16 Scale Mail Armor
15:44 Stone Mining
23:47 Castle Age
25:18 Hand Cart
25:23 Bow Saw
25:16 Heavy Plow
26:40 Iron Casting
25:56 Arson
26:12 Squires
27:01 Pikeman
30:30 Chain Mail Armor
35:37 Gold Shaft Mining
35:39 Fletching
35:50 Padded Archer Armor
38:08 Yeomen
38:36 Leather Archer Armor
38:17 Bodkin Arrow
44:42 Imperial Age
45:13 Ballistics
44:44 Heated Shot
45:07 Masonry
Haudinida
0:26 Loom
11:58 Feudal Age
10:55 Double-Bit Axe
11:02 Horse Collar
13:16 Bow Saw
15:15 Wheelbarrow
15:35 Fletching
18:12 Town Watch
18:21 Gold Mining
22:34 Castle Age
20:56 Heavy Plow
20:52 Stone Mining
21:30 Caravan
22:35 Gold Shaft Mining
27:46 Bodkin Arrow
Sleeperis4065
0:29 Loom
10:41 Feudal Age
22:23 Castle Age
20:46 Double-Bit Axe
22:07 Horse Collar
26:33 Scale Mail Armor
26:44 Forging
26:24 Fletching
27:59 First Crusade
27:34 Town Watch
28:27 Bow Saw
28:24 Heavy Plow
29:50 Bodkin Arrow
30:11 Chain Mail Armor
30:31 Iron Casting
31:03 Ballistics
30:39 Murder Holes
30:54 Masonry
31:54 Stone Mining
31:56 Gold Mining
32:45 Wheelbarrow
32:12 Town Patrol
36:09 Imperial Age
33:37 Pikeman
34:10 Gambesons
34:25 Squires
34:11 Arson
35:48 Iron Casting
35:08 Heated Shot
36:35 Stone Shaft Mining
36:37 Gold Shaft Mining
36:14 Elite Serjeant
37:31 Plate Mail Armor
38:02 Blast Furnace
37:04 Bracer
37:00 Halberdier
38:52 Arrowslits
40:51 Crop Rotation
62:13 Guilds
ninghaochang
10:44 Feudal Age
17:14 Castle Age
15:05 Double-Bit Axe
15:03 Horse Collar
17:30 Stone Mining
25:12 Heavy Plow
29:42 Bow Saw
34:51 Imperial Age
36:35 Wheelbarrow
38:47 Two-Man Saw
38:48 Man-at-Arms
QueMatracaAriel
0:29 Loom
11:45 Feudal Age
12:14 Double-Bit Axe
19:45 Castle Age
18:06 Stone Mining
18:52 Scale Mail Armor
19:23 Horse Collar
19:35 Gold Mining
20:58 Fletching
22:50 Arson
23:58 Wheelbarrow
23:37 Bow Saw
31:34 Imperial Age
29:30 Bodkin Arrow
29:45 Forging
30:14 Hand Cart
31:35 Chain Mail Armor
31:56 Iron Casting
32:45 Conscription
33:43 Pikeman
34:24 Squires
35:10 Plate Mail Armor
34:55 Halberdier
36:13 Heavy Plow
37:07 Treadmill Crane
37:32 Town Watch
37:19 Shield Wall
38:08 Elite Hearth Troop
41:28 Gambesons
48:21 Elite Varangian Guard
49:36 Heated Shot
50:08 Ballistics
52:30 Fortified Wall
57:56 Two-Man Saw
JoaKo_uy
6:28 Loom
11:47 Feudal Age
12:40 Double-Bit Axe
12:40 Horse Collar
19:20 Padded Archer Armor
21:30 Wheelbarrow
24:03 Castle Age
22:42 Fletching
23:05 Forging
23:12 Scale Mail Armor
24:56 Heavy Plow
25:12 Bow Saw
24:59 Gold Mining
25:09 Bodkin Arrow
25:39 Stone Mining
28:10 Town Watch
30:14 Hand Cart
31:29 Squires
31:16 Arson
36:51 Gold Shaft Mining
37:10 Leather Archer Armor
37:25 Caravan
38:25 Chain Mail Armor
38:33 Thumb Ring
43:25 Great Wall
46:18 Imperial Age
43:52 Town Patrol
44:12 Chain Mail Armor
44:35 Iron Casting
47:26 Conscription
47:29 Rocketry
48:56 Elite Fire Lancer
49:57 Fortified Wall
49:43 Murder Holes
65:49 Two-Man Saw
SHEGO
0:27 Loom
2:52 Loom
11:37 Feudal Age
12:05 Double-Bit Axe
12:03 Horse Collar
12:39 Town Watch
13:51 Gold Mining
14:03 Stone Mining
16:35 Wheelbarrow
21:19 Castle Age
20:58 Arson
21:08 Fletching
22:26 Bow Saw
23:35 Heavy Plow
25:29 Gold Shaft Mining
26:25 Hand Cart
27:45 Squires
28:25 Town Patrol
28:42 Treadmill Crane
30:36 Gambesons
31:51 Masonry
38:16 Imperial Age
36:11 Ballistics
37:30 Caravan
38:10 Pikeman
41:02 Conscription
42:42 Forging
42:32 Scale Mail Armor
42:45 Fortified Wall
42:31 Murder Holes
43:37 Chemistry
42:07 Onager
42:23 Elite Samurai
43:48 Conscription
43:03 Halberdier
45:08 Iron Casting
48:10 Blast Furnace
47:25 Chain Mail Armor
50:30 Plate Mail Armor
49:59 Bodkin Arrow
Connection lost

Rejoining the realm…

Still unreachable

The connection could not be restored.

Session expired

The server has moved on; the page needs a fresh start.